 Dungeon Sprint DCSS version 0.29-a0-371-g91724d5b39 (webtiles) character file.

Game seed: 4179274108291243763

28212 mhtbhm the Severer (level 13, -2/136 HPs)
             Began as a Minotaur Fighter on May 3, 2022.
             Was the Champion of Okawaru.
             Blown up by an eye of devastation (34 damage)
             ... with a bolt of energy
             ... in the Dungeon (Sprint VII: "The Pits").
             The game lasted 00:13:32 (4731 turns).

mhtbhm the Severer (Minotaur Fighter)               Turns: 4731, Time: 00:13:35

Health: -2/136     AC: 22    Str: 29    XL:     13   Next: 8%
Magic:  23/23      EV: 12    Int:  5    God:    Okawaru [******]
Gold:   29         SH:  5    Dex: 10    Spells: 12/12 levels left

rFire   . . .      SeeInvis .   g - +0 battleaxe (vamp)
rCold   . . .      Faith    .   (shield currently unavailable)
rNeg    . . .      Spirit   .   b - +4 chain mail
rPois   +          Reflect  +   (helmet restricted)
rElec   .          Harm     .   C - +0 cloak
rCorr   .          Rampage  .   (no gloves)
Will    .....      NoTele   +   s - +0 pair of boots
Stlth   ..........              w - amulet of reflection
HPRegen 0.32/turn               n - +3 ring of strength
MPRegen 0.18/turn               x - ring of poison resistance

@: invisible
A: horns 2, retaliatory headbutt
a: Renounce Religion, Heroism, Finesse


You were in the Dungeon.
You worshipped Okawaru.
Okawaru was exalted by your worship.
You visited 1 branch You collected 29 gold pieces.

Inventory:

Hand Weapons
 a - the +2 war axe of the Evil Eye {holy, rF+ rC++ Will+ MP+9}
   (You found it in the Dungeon)

   It has been blessed by the Shining One to cause great damage to the undead
   and demons.
   rF:        It protects you from fire.
   rC:        It greatly protects you from cold.
   MP:        It affects your magic capacity (+9).
   Will:      It increases your willpower.
 g - a +0 vampiric battleaxe (weapon)
 t - the +7 great mace "Widowermaker" {speed, rC++ rCorr}
   (Okawaru gifted it to you in the Dungeon)

   Attacks with this weapon are significantly faster.
   rC:        It greatly protects you from cold.
   rCorr:     It protects you from acid and corrosion.
 H - a +3 antimagic broad axe
Missiles
 f - 3 silver javelins
 j - 6 datura-tipped darts
 m - 6 poisoned darts (quivered)
Armour
 b - a +4 chain mail (worn)
 c - a +0 buckler
 s - a +0 pair of boots (worn)
 C - a +0 cloak (worn)
Jewellery
 n - a +3 ring of strength (left hand)
 u - a ring of protection from fire
 w - an amulet of reflection (around neck)
 x - a ring of poison resistance (right hand)
Wands
 v - a wand of flame (9)
 y - a wand of iceblast (8)
Scrolls
 l - 5 scrolls of amnesia
 A - a scroll of acquirement
 E - 4 scrolls of enchant armour
 F - a scroll of fog
 G - 4 scrolls of fear
Potions
 d - a potion of might
 e - 10 potions of curing
 h - 4 potions of magic
 i - 2 potions of berserk rage
 p - 3 potions of brilliance
 q - a potion of resistance
 r - 2 potions of mutation
 z - a potion of attraction
Miscellaneous
 o - a phantom mirror
 B - a tin of tremorstones (inert)


   Skills:
 + Level 18.7 Fighting
 + Level 19.8 Axes
 + Level 3.4 Throwing
 + Level 19.5 Armour
 + Level 8.0 Dodging
 + Level 3.8 Stealth
 + Level 14.7 Shields
 * Level 15.5 Invocations
 + Level 1.6 Evocations


You had 12 spell levels left.
You didn't know any spells.
Your spell library was empty.

Dungeon Overview and Level Annotations

Branches:
Dungeon (1/1)

Altars:
Ashenzari
Cheibriados
Dithmenos
Elyvilon
Fedhas
Gozag
Hepliaklqana
Kikubaaqudgha
Makhleb
Nemelex Xobeh
Okawaru
Qazlal
Ru
Sif Muna
Trog
Uskayaw
Vehumet
Wu Jian
Xom
Yredelemnul
Zin
The Shining One
Beogh
Jiyva
Lugonu


Innate Abilities, Weirdness & Mutations

You have a pair of horns on your head.
You reflexively headbutt those who attack you in melee.


Message History

The burst of rock shards engulfs the large abomination!
The burst of rock shards engulfs the hellwing but does no damage.
You feel like a meek peon again.
Unknown command.
Unknown command.
Unknown command.
Unknown command.
The tremorstone explodes into fragments!
The burst of rock shards engulfs the large abomination but does no damage.
The tin is emptied!
Unknown command.
Unknown command.
Unknown command.
Unknown command.
An air elemental comes into view.
You slash the large abomination! You headbutt the large abomination!!
You destroy the large abomination!
Okawaru accepts your kill.
You feel a little less mighty now. The air elemental barely misses you.
The hellwing barely misses you. x2
You block the air elemental's attack.
You slash the hellwing!
You headbutt the hellwing, but do no damage.
The hellwing is moderately wounded.
You hit the air elemental. The air elemental closely misses you.
The hellwing misses you. You furiously retaliate!
You headbutt the hellwing! The hellwing hits you.
* * * LOW HITPOINT WARNING * * *
Unknown command.
You slice the air elemental!!
You destroy the air elemental!
Okawaru accepts your kill.
You barely miss the hellwing.
An eye of devastation comes into view.
The hellwing barely misses you. You furiously retaliate!
You headbutt the hellwing, but do no damage.
The hellwing hits you but does no damage.
The eye of devastation gazes at you. The bolt of energy hits you!!
You die...

#..################..##..#....#.
#..# #W# #.#..##......... #..#
#.# #. #..##......... #..# #}# #?
#..####''####+ #..# #:# #K
#..####)'####+ #..# #G#.
#..##.)....##.
#..#########(######).##.#)##.##.
##..............4..)†.##.#..'.##.
##..............@..(..##.').#.##.
###########''###########.#|.+.##.
###########''###########.+)}#.##.
##................##..##.##+#.##.
##......#..#......##..##. .##.
##................''..# #.
.)................''..##########.
##......#..#......##....)).)))...
##................##...).)...)...


You could see an eye of devastation and a hellwing (can't see you).

Vanquished Creatures
  A daeva (D)
  2 vampire knights (D)
  A yellow draconian (D)
  A merfolk impaler (D)
  2 great orbs of eyes (D)
  An ogre mage (D)
  A hydra (D)
  2 merfolk avatars (D)
  6 two-headed ogres (D)
  2 death yaks (D)
  A vampire mage (D)
  An orc high priest (D)
  2 spriggans (D)
  A skeletal warrior (D)
  2 deep trolls (D)
  A flayed ghost (D)
  A bog body (D)
  A deep elf pyromancer (D)
  A lindwurm (D)
  An elephant (D)
  A cyclops (D)
  A manticore (D)
  A molten gargoyle (D)
  2 smoke demons (D)
  A gargoyle (D)
  A freezing wraith (D)
  A cane toad (D)
  An unseen horror (D)
  A komodo dragon (D)
  3 rime drakes (D)
  An ice devil (D)
  2 trolls (D)
  2 red devils (D)
  2 hornets (D)
  A tyrant leech (D)
  3 slime creatures (D)
  10 dream sheep (D)
  2 shadows (D)
  2 jumping spiders (D)
  An air elemental (D)
  A water elemental (D)
  Grum (D)
  A neqoxec (D)
  A large abomination (D)
  A warg (D)
  A water moccasin (D)
  A floating eye (D)
  A swamp drake (D)
  An orc warrior (D)
  An ice beast (D)
  4 ogres (D)
  A centaur (D)
  A phantom (D)
  A small abomination (D)
  2 kobold brigands (D)
  A scorpion (D)
  3 wights (D)
  A quasit (D)
  2 jellies (D)
  A gnoll shaman (D)
  An iron imp (D)
  A mummy (D)
  5 gnolls (D)
  3 adders (D)
  A river rat (D)
  A worm (D)
  An adder simulacrum (D)
  3 orcs (D)
  A ball python (D)
  A bat skeleton (D)
  An endoplasm (D)
  2 giant cockroaches (D)
  5 jackals (D)
  A quokka (D)
  A ball python skeleton (D)
  A ball python zombie (D)
  A frilled lizard (D)
127 creatures vanquished.

Notes
Turn   | Place    | Note
-------+----------+-------------------------------------------
     0 | D        | mhtbhm the Minotaur Fighter began the quest for the Orb.
     0 | D        | Reached XP level 1. HP: 19/19 MP: 0/0
    23 | D        | Found a bloodstained altar of Trog.
    23 | D        | Found a shimmering blue altar of Sif Muna.
    23 | D        | Found a viscous altar of Jiyva.
    23 | D        | Found a hazy altar of Hepliaklqana.
    23 | D        | Found an opulent altar of Gozag.
    24 | D        | Found a glowing golden altar of the Shining One.
    24 | D        | Found a glowing silver altar of Zin.
    24 | D        | Found a basalt altar of Yredelemnul.
    24 | D        | Found a shimmering altar of Xom.
    24 | D        | Found an ornate altar of the Wu Jian Council.
    24 | D        | Found a sacrificial altar of Ru.
    24 | D        | Found a stormy altar of Qazlal.
    24 | D        | Found an iron altar of Okawaru.
    24 | D        | Found a sparkling altar of Nemelex Xobeh.
    24 | D        | Found a burning altar of Makhleb.
    24 | D        | Found a blossoming altar of Fedhas.
    24 | D        | Found a white marble altar of Elyvilon.
    24 | D        | Found a shadowy altar of Dithmenos.
    24 | D        | Found a snail-covered altar of Cheibriados.
    26 | D        | Found a radiant altar of Vehumet.
    26 | D        | Found a corrupted altar of Lugonu.
    27 | D        | Found a hide-covered altar of Uskayaw.
    27 | D        | Found an ancient bone altar of Kikubaaqudgha.
    27 | D        | Found a broken altar of Ashenzari.
    32 | D        | Became a worshipper of Warmaster Okawaru
    71 | D        | Noticed a scorpion
    73 | D        | Killed a scorpion
    74 | D        | Reached skill level 5 in Fighting
    74 | D        | Reached XP level 2. HP: 30/30 MP: 1/1
    74 | D        | Reached XP level 3. HP: 37/37 MP: 2/2
   115 | D        | Reached XP level 4. HP: 44/44 MP: 3/3
   121 | D        | Noticed an ogre
   129 | D        | Reached skill level 1 in Invocations
   131 | D        | Killed an ogre
   131 | D        | Reached * piety under Okawaru
   132 | D        | Reached skill level 5 in Axes
   132 | D        | Reached skill level 1 in Dodging
   132 | D        | Reached XP level 5. HP: 52/52 MP: 3/6
   234 | D        | Noticed a water moccasin
   245 | D        | Killed a water moccasin
   246 | D        | Reached XP level 6. HP: 32/61 MP: 6/8
   440 | D        | Reached skill level 5 in Invocations
   440 | D        | Reached ** piety under Okawaru
   443 | D        | Reached XP level 7. HP: 42/70 MP: 8/10
   581 | D        | Noticed a jumping spider
   589 | D        | Killed a jumping spider
   590 | D        | Reached skill level 10 in Armour
   613 | D        | Reached skill level 10 in Fighting
   803 | D        | Noticed a manticore
   803 | D        | Noticed a bog body
   816 | D        | Killed a bog body
   816 | D        | Reached *** piety under Okawaru
   817 | D        | Reached XP level 8. HP: 44/81 MP: 10/12
   990 | D        | Killed a manticore
   991 | D        | Reached skill level 1 in Stealth
  1032 | D        | Got the +2 war axe of the Evil Eye {holy, rF+ rC++ Will+
                  | MP+9}
  1149 | D        | Noticed a deep troll
  1158 | D        | Killed a deep troll
  1158 | D        | Reached **** piety under Okawaru
  1159 | D        | Reached XP level 9. HP: 34/89 MP: 14/14
  1394 | D        | Noticed a two-headed ogre
  1394 | D        | Noticed an ice devil
  1394 | D        | Noticed a death yak
  1438 | D        | Killed a death yak
  1439 | D        | Reached skill level 10 in Shields
  1441 | D        | Killed an ice devil
  1445 | D        | Killed a two-headed ogre
  1445 | D        | Reached ***** piety under Okawaru
  1745 | D        | Noticed a two-headed ogre
  1745 | D        | Noticed a two-headed ogre
  1745 | D        | Noticed a two-headed ogre
  1748 | D        | Noticed an ogre mage
  1748 | D        | Noticed a two-headed ogre
  1774 | D        | Killed a two-headed ogre
  1775 | D        | Reached skill level 10 in Invocations
  1775 | D        | Reached XP level 10. HP: 99/99 MP: 16/16
  1777 | D        | Killed a two-headed ogre
  1778 | D        | Reached skill level 15 in Axes
  1778 | D        | Reached skill level 1 in Throwing
  1783 | D        | Killed a two-headed ogre
  1783 | D        | Received a gift from Okawaru
  1784 | D        | Reached skill level 15 in Armour
  1798 | D        | Killed an ogre mage
  1798 | D        | HP: 3/100 [two-headed ogre/+0 giant club (4)]
  1799 | D        | Reached skill level 5 in Dodging
  1800 | D        | Killed a two-headed ogre
  2106 | D        | Noticed a great orb of eyes
  2118 | D        | Killed a great orb of eyes
  2282 | D        | Noticed a two-headed ogre
  2282 | D        | Noticed a merfolk avatar
  2287 | D        | Killed a two-headed ogre
  2287 | D        | Received a gift from Okawaru
  2288 | D        | Reached XP level 11. HP: 39/108 MP: 18/18
  2307 | D        | Killed a merfolk avatar
  2307 | D        | Reached ****** piety under Okawaru
  2307 | D        | Received a gift from Okawaru
  2577 | D        | Noticed a deep troll
  2582 | D        | Killed a deep troll
  2734 | D        | Noticed an eight-headed hydra
  2749 | D        | Killed a 15-headed hydra
  2766 | D        | HP: 1/111 [tyrant leech (20)]
  3081 | D        | Reached skill level 15 in Fighting
  3466 | D        | Noticed a deep elf pyromancer
  3477 | D        | Killed a deep elf pyromancer
  3762 | D        | Noticed a spriggan rider
  3764 | D        | Received a gift from Okawaru
  3764 | D        | Noticed a merfolk avatar
  3767 | D        | Killed a spriggan rider
  3768 | D        | Reached XP level 12. HP: 98/122 MP: 21/21
  3783 | D        | Killed a merfolk avatar
  3879 | D        | Noticed an orc high priest
  3880 | D        | Noticed Grum
  3891 | D        | Killed an orc high priest
  3896 | D        | Killed Grum
  3971 | D        | Noticed a death yak
  3981 | D        | Killed a death yak
  3981 | D        | Received a gift from Okawaru
  3984 | D        | Paralysed by a floating eye for 2 turns
  3992 | D        | Paralysed by a floating eye for 3 turns
  4301 | D        | Noticed a vampire mage
  4301 | D        | Noticed a vampire knight
  4301 | D        | Noticed a yellow draconian
  4311 | D        | Noticed a jiangshi
  4312 | D        | Killed a vampire mage
  4316 | D        | Killed a vampire knight
  4321 | D        | Killed a yellow draconian
  4321 | D        | Received a gift from Okawaru
  4635 | D        | Noticed a great orb of eyes
  4635 | D        | Noticed a merfolk impaler
  4640 | D        | Noticed a daeva
  4641 | D        | Noticed a vampire knight
  4642 | D        | Killed a merfolk impaler
  4656 | D        | Reached skill level 15 in Invocations
  4683 | D        | Killed a daeva
  4686 | D        | HP: 4/127 [spriggan rider/+0 spear (17)]
  4695 | D        | Killed a vampire knight
  4695 | D        | Identified the +7 great mace "Widowermaker" {speed, rC++
                  | rCorr} (Okawaru gifted it to you in the Dungeon)
  4695 | D        | Received a gift from Okawaru
  4702 | D        | Reached skill level 1 in Evocations
  4704 | D        | Killed a great orb of eyes
  4705 | D        | Reached XP level 13. HP: 26/136 MP: 23/23
  4731 | D        | Blown up by an eye of devastation

Illustrated notes

Levels and vault maps discovered:
D:        pitsprint [storerooms_1, entrance_room_1, metal_vault_3, armoury_1,
          mini_pit_1, grid_room_1, main_hall_1, silver_pit, the_coven_3,
          the_vestibule_1, steel_vault_5, golden_pit, hallway_of_sentries,
          crystal_vault_3, iron_vault_2, final_vault]

Skill      XL: |  1  2  3  4  5  6  7  8  9 10 11 12 |
---------------+-------------------------------------+-----
Shields        | 6 7 8 9 10 12 14 | 14.7
Fighting       | 5 6 7 8 9 10 11 12 13 16 18 | 18.7
Axes           | 3 5 7 11 12 14 16 17 19 | 19.8
Armour         | 6 7 8 9 11 12 14 16 18 19 | 19.5
Invocations    | 3 4 5 7 8 10 11 13 15 | 15.5
Dodging        | 1 2 3 4 5 6 8 |  8.0
Stealth        | 1 2 3 |  3.8
Throwing       | 2 3 |  3.4
Evocations     | 1 |  1.6

Action                   |  1- 3 |  4- 6 |  7- 9 | 10-12 | 13-15 || total
-------------------------+-------+-------+-------+-------+-------++-------
Melee: War axe           |     6 |       |    28 |   284 |     8 ||   326
       Hand axe          |     7 |    35 |    43 |       |       ||    85
       Headbutt          |     1 |     3 |    20 |    60 |     3 ||    87
       Battleaxe         |       |       |       |       |     3 ||     3
Throw: Dart              |       |       |     6 |     1 |     3 ||    10
Invok: Heroism           |       |       |       |     5 |       ||     5
       Finesse           |       |       |       |     2 |       ||     2
Evoke: Tin of tremorston |       |       |       |     4 |     2 ||     6
       Wand              |       |       |       |     2 |       ||     2
  Use: Potion            |       |     1 |     5 |    17 |     1 ||    24
       Scroll            |       |       |       |     2 |       ||     2
 Stab: Invisible         |       |       |       |     1 |     1 ||     2
       Confused          |       |       |       |     1 |       ||     1
Armor: Scale mail        |     7 |     2 |       |       |       ||     9
       Chain mail        |       |    12 |    18 |   141 |     3 ||   174
Dodge: Dodged            |     5 |    13 |    20 |    82 |     9 ||   129
Block: Buckler           |     2 |     7 |     9 |    97 |     3 ||   118
       Other             |       |       |       |       |     1 ||     1

Table legend: (Time is in decaauts)
 A = Elapsed time spent in this place.
 B = Non-inter-level travel time spent in this place.
 C = Inter-level travel time spent in this place.
 D = Time resting spent in this place.
 E = Time spent auto-exploring this place.
 F = Levels seen in this place.
 G = Mean time per level.
                   A        B        C        D        E       F      G
               +--------+--------+--------+--------+--------+-----+--------+
         Total |   4633 |   4633 |      0 |   3170 |     31 |   1 | 4633.0 |
       Dungeon |   4633 |   4633 |      0 |   3170 |     31 |   1 | 4633.0 |
               +--------+--------+--------+--------+--------+-----+--------+

Top non-repeatable levels by time:
       D: 4633 daAuts
